[Event "POR-chT 1st League 2017"]
[Site "Leiria"]
[Date "2017.07.19"]
[Round "4"]
[White "Pinheiro, Albano"]
[Black "Lombaers, Peter"]
[Result "0-1"]
[ECO "B22"]
[WhiteElo "2071"]
[BlackElo "2327"]
[Annotator "NA"]
[PlyCount "64"]
[EventDate "2017.??.??"]
[EventType "team-tourn"]
[EventCountry "POR"]
[SourceTitle "playchess.com"]
[Source "ChessBase"]
[SourceQuality "1"]
[TimeControl "5400+30"]

1. e4 c5 2. c3 Nf6 3. e5 Nd5 4. Nf3 e6 $11 5. d4 cxd4 6. cxd4 d6 7. Bc4 Be7 8. O-O O-O 9. Nc3 Nxc3 10. bxc3 Qc7 11. Qe2 d5 12. Bd3 Qxc3 13. Bd2 Qa3 14. Rfb1 b6 15. Rb3 Qa4 16. Bxh7+ Kxh7 17. Ng5+ Bxg5 18. Qh5+ Kg8 19. Bxg5 Qxd4 20. Re1 f6 21. exf6 Nd7 22. Rh3 Nxf6 23. Bxf6 Rxf6 24. Qe8+ Rf8 25. Rh8+ Kxh8 26. Qxf8+ Kh7 27. Qe8 Qd2 28. Rb1 Bb7 29. Qe7 Rc8 30. h3 Rc1+ 31. Rxc1 Qxc1+ 32. Kh2 Qc8 0-1

[Event "POR-chT 1st League 2017"]
[Site "Leiria"]
[Date "2017.07.20"]
[Round "5"]
[White "Medarde Santiago, Luis Marcos"]
[Black "Vasques, Antonio Pedro Freix"]
[Result "1-0"]
[ECO "B91"]
[WhiteElo "2354"]
[BlackElo "2307"]
[Annotator "NA"]
[PlyCount "59"]
[EventDate "2017.??.??"]
[EventType "team-tourn"]
[EventCountry "POR"]
[SourceTitle "playchess.com"]
[Source "ChessBase"]
[SourceQuality "1"]
[TimeControl "5400+30"]

1. e4 c5 2. Nf3 d6 3. d4 cxd4 4. Nxd4 Nf6 5. Nc3 a6 6. g3 g6 7. Bg2 Bg7 8. O-O O-O 9. h3 Nc6 10. Nde2 Bd7 11. Nd5 Nxd5 12. exd5 Ne5 13. Nd4 Qb6 {[%emt 0:32:15] B70: Sicilian Dragon: 6 g3 and 6 Be2 (without a later Be3)} (13... Rc8 14. b3 Be8 15. c4 b5 16. f4 Nd7 17. Be3 Nc5 18. cxb5 axb5 19. Qd2 Rb8 20. Rac1 b4 21. Rc4 {½-½ (62) Spangenberg,H (2510)-Zapata,A (2565) Matanzas 1994}) 14. c3 Bb5 $146 ({Predecessor:} 14... Rac8 15. Kh2 Rfe8 16. f4 Nc4 17. b3 Na5 18. Bd2 e6 19. dxe6 fxe6 20. Rc1 Nc6 21. Nf3 {½-½ (34) Bronstein,D-Boleslavsky,I Moscow 1944}) 15. Nxb5 Qxb5 16. Re1 Rfe8 17. a4 Qd3 18. Qb3 b5 19. Re3 Qc4 20. Qxc4 Nxc4 21. Re2 Bf6 22. g4 b4 23. cxb4 Rab8 24. Rc2 (24. Bf1 $16) 24... Rxb4 25. Bf1 $11 Nb6 26. Bxa6 Nxa4 27. Rxa4 Rxa4 28. Bb5 Raa8 29. Bxe8 Rxe8 30. b4 1-0

[Event "POR-chT 1st League 2017"]
[Site "Leiria"]
[Date "2017.07.20"]
[Round "5"]
[White "Lombaers, Peter"]
[Black "Andrade, Jose M Vieira"]
[Result "1-0"]
[ECO "E48"]
[WhiteElo "2327"]
[BlackElo "2223"]
[Annotator "NA"]
[PlyCount "65"]
[EventDate "2017.??.??"]
[EventType "team-tourn"]
[EventCountry "POR"]
[SourceTitle "playchess.com"]
[Source "ChessBase"]
[SourceQuality "1"]
[TimeControl "5400+30"]

1. d4 Nf6 2. c4 e6 3. Nc3 Bb4 4. e3 O-O 5. Bd3 d5 6. cxd5 exd5 7. Nge2 Bd6 8. O-O {[%emt 0:01:18] E48: Nimzo-Indian: Rubinstein: 5 Bd3 d5 including 6 Ne2, but excluding 6 a3} (8. Nb5 Be7 9. Bd2 a6 10. Nbc3 c5 11. dxc5 Bxc5 12. Nd4 Bxd4 13. exd4 Qb6 14. O-O Qxd4 15. Bg5 Nc6 16. Bxf6 Qxf6 17. Nxd5 Qxb2 {½-½ (92) Harikrishna,P (2750)-Hammer,J (2621) Moscow 2017}) 8... a6 9. f3 c5 10. Qe1 Nc6 11. Qh4 Ne7 12. dxc5 $146 ({Predecessor:} 12. g4 Ng6 13. Qf2 b5 14. g5 Nd7 15. f4 f5 16. gxf6 Nxf6 {0-1 (52) Pedersen,N (2300)-Iordachescu,V (2500) Zagan 1997}) 12... Bxc5 13. Nd4 Re8 14. Bd2 Bd7 15. Rfe1 Rc8 16. Nce2 Ng6 17. Qf2 Ne5 18. Nf4 a5 19. Bf1 Qb6 20. Nb3 Bb4 21. Bxb4 Qxb4 22. Rad1 a4 23. Nd4 Qb6 24. Nd3 Nc4 25. b3 axb3 26. axb3 Nd6 27. Nf4 Rc3 28. Bd3 Bb5 29. Qd2 Rc5 30. Qb4 Rec8 (30... g5 {was necessary.}) 31. Bxb5 Nxb5 32. Nd3 Nd7 33. Nxc5 $18 1-0

[Event "POR-chT 1st League 2017"]
[Site "Leiria"]
[Date "2017.07.20"]
[Round "5"]
[White "Figuero Toro, Julian Francisco"]
[Black "Diogo, Vasco"]
[Result "1/2-1/2"]
[ECO "E90"]
[WhiteElo "2314"]
[BlackElo "2213"]
[Annotator "ChessBase"]
[PlyCount "96"]
[EventDate "2017.??.??"]
[EventType "team-tourn"]
[EventCountry "POR"]
[SourceTitle "playchess.com"]
[Source "ChessBase"]
[SourceQuality "1"]
[TimeControl "5400+30"]

1. d4 Nf6 2. c4 g6 3. Nc3 Bg7 4. e4 d6 5. Nf3 O-O 6. h3 e5 7. d5 Nbd7 8. Be3 Nc5 9. Nd2 a5 10. g4 Bd7 11. Be2 a4 12. a3 Ne8 13. h4 f5 14. g5 f4 15. Bxc5 dxc5 16. f3 Nd6 17. Bd3 h6 18. gxh6 Bf6 19. Ke2 Kh7 20. Qg1 b6 21. Qf2 Rg8 22. Rag1 Rb8 23. Bc2 b5 24. cxb5 Bxb5+ 25. Kd1 Bd7 26. Kc1 Ra8 27. Bd3 Qe7 28. Rg2 Rab8 29. Rgh2 Nf7 30. Nc4 Kxh6 31. Qc2 Ra8 32. Qf2 Qd8 33. Qxc5 Be7 34. Qf2 Qb8 35. d6 Bxd6 36. Nd5 Be6 37. Rg2 Qb3 38. Qc2 Rab8 39. Na5 Qa2 40. Bc4 Qa1+ 41. Qb1 Qxb1+ 42. Kxb1 Nd8 43. Rc1 Rf8 44. Rcg1 Rg8 45. Nf6 Rg7 46. Ne8 Rg8 47. Nf6 Rg7 48. Ne8 Rg8 1/2-1/2

[Event "POR-chT 1st League 2017"]
[Site "Leiria"]
[Date "2017.07.20"]
[Round "5"]
[White "Padeiro, Jose"]
[Black "Reis, Luis Sousa"]
[Result "1/2-1/2"]
[ECO "D08"]
[WhiteElo "2276"]
[BlackElo "2182"]
[Annotator "ChessBase"]
[PlyCount "53"]
[EventDate "2017.??.??"]
[EventType "team-tourn"]
[EventCountry "POR"]
[SourceTitle "playchess.com"]
[Source "ChessBase"]
[SourceQuality "1"]
[TimeControl "5400+30"]

1. d4 d5 2. c4 e5 3. dxe5 d4 4. a3 Nc6 5. e3 Nge7 6. Be2 Bf5 7. g4 Be4 8. Bf3 Bxf3 9. Nxf3 dxe3 10. Qxd8+ Rxd8 11. Bxe3 Ng6 12. e6 fxe6 13. Nbd2 Be7 14. Ng5 Bxg5 15. Bxg5 Rd4 16. h3 Nf4 17. Bxf4 Rxf4 18. O-O Rd4 19. Nf3 Rxc4 20. Ng5 Ke7 21. Rae1 Nd4 22. Re3 h6 23. Ne4 Nc2 24. Re2 Nd4 25. Re3 Nc2 26. Re2 Nd4 27. Re3 1/2-1/2

[Event "POR-chT 1st League 2017"]
[Site "Leiria"]
[Date "2017.07.20"]
[Round "5"]
[White "Maisuradze, Nino"]
[Black "Pinheiro, Albano"]
[Result "1-0"]
[ECO "A46"]
[WhiteElo "2266"]
[BlackElo "2071"]
[Annotator "NA"]
[PlyCount "79"]
[EventDate "2017.??.??"]
[EventType "team-tourn"]
[EventCountry "POR"]
[SourceTitle "playchess.com"]
[Source "ChessBase"]
[SourceQuality "1"]
[TimeControl "5400+30"]

1. d4 Nf6 2. Nf3 e6 3. Bf4 b6 4. e3 Bb7 5. h3 Be7 6. Nbd2 O-O 7. Bd3 c5 8. c3 cxd4 {[%emt 0:00:05] A47: 1 d4 Nf6 2 Nf3 b6: Torre, London and Colle Systems} 9. cxd4 (9. exd4 d6 10. O-O Nbd7 11. Re1 Re8 12. Bh2 a6 13. a4 Nf8 14. Ng5 Qd7 15. Qe2 Bc6 16. Bxa6 Bxa4 17. Bd3 Bc6 18. Nc4 {1-0 (82) Giri,A (2755)-Tomashevsky,E (2731) Moscow 2016}) 9... Nc6 10. a3 d6 11. O-O Rc8 12. Qe2 Rc7 13. Rfd1 Qd7 14. e4 Rfc8 15. Bh2 $146 ({Predecessor:} 15. b4 Qd8 16. Be3 Nb8 {0-1 (47) Bonnez,F (2335)-Calandri,F (2430) ICCF email 1997}) 15... g6 16. e5 dxe5 17. dxe5 Nd5 18. Bb5 Qd8 19. Ne4 Nb8 20. Nd4 a6 21. Ba4 b5 22. Bb3 Nc6 23. Nxc6 Rxc6 24. Bg3 R6c7 25. Nd6 Bxd6 26. exd6 Rc5 27. Kh2 Qd7 28. a4 b4 29. Rd4 ({Better is} 29. Bxd5 $16 exd5 30. Re1) 29... Qc6 30. f3 a5 $2 (30... Qd7 $16) 31. Rad1 $2 (31. Bxd5 $18 Rxd5 32. Rxd5 Qxd5 33. Rd1) 31... Qd7 32. Be5 Nb6 $1 33. Qe3 (33. Bf6 $1 $14) 33... Nc4 34. Bxc4 Rxc4 35. Rxc4 Rxc4 36. Bf6 Bd5 37. Rxd5 exd5 38. Qe7 Qxe7 39. Bxe7 Rc8 $18 40. d7 1-0

[Event "POR-chT 1st League 2017"]
[Site "Leiria"]
[Date "2017.07.20"]
[Round "5"]
[White "Santos, Antonio P"]
[Black "Rocha, Sergio"]
[Result "0-1"]
[ECO "E91"]
[WhiteElo "2237"]
[BlackElo "2364"]
[Annotator "NA"]
[PlyCount "56"]
[EventDate "2017.??.??"]
[EventType "team-tourn"]
[EventCountry "POR"]
[SourceTitle "playchess.com"]
[Source "ChessBase"]
[SourceQuality "1"]
[TimeControl "5400+30"]

1. d4 d6 2. c4 Nf6 3. Nc3 g6 4. e4 Bg7 5. Be2 O-O 6. Nf3 c6 7. O-O a6 8. Qc2 b5 {[%emt 0:00:23] E91: King's Indian: Classical: 6 Be2, unusual replies including 6...c5 and 6...Bg4} (8... Bg4 9. Be3 Nbd7 10. h3 Bxf3 11. Bxf3 e5 12. d5 c5 13. a3 Rc8 14. Be2 Kh8 15. b4 Ng8 16. Qd2 {½-½ (32) Rojicek,V (2433)-Petenyi,T (2445) Slovakia 2015}) 9. b4 Be6 $146 ({Predecessor:} 9... Bg4 10. Bb2 Bxf3 11. Bxf3 bxc4 12. Ne2 d5 13. e5 Ne8 14. Rab1 Nc7 15. a4 e6 16. Ba3 {0-1 (32) Krueger,I-Buschmann,A Dortmund 1999}) 10. d5 Bg4 11. Be3 bxc4 12. Nd4 a5 (12... Bxe2 $15 13. Qxe2 cxd5 14. exd5 Qc7) 13. dxc6 axb4 14. Ncb5 Bxe2 15. c7 Qd7 16. Qxe2 e5 17. Qxc4 exd4 18. cxb8=Q Rfxb8 19. Nxd4 Nxe4 20. Nc6 Rc8 21. Qxe4 Qxc6 22. Qxc6 Rxc6 23. Rac1 Bc3 24. Rc2 Rca6 $19 25. Bf4 Rxa2 26. Rcc1 d5 27. Rfd1 d4 28. Rb1 Ra1 0-1

[Event "POR-chT 1st League 2017"]
[Site "Leiria"]
[Date "2017.07.20"]
[Round "5"]
[White "Santos, Jose Alves"]
[Black "Espineira Gonzalez, Diego"]
[Result "0-1"]
[ECO "C10"]
[WhiteElo "2196"]
[BlackElo "2364"]
[Annotator "NA"]
[PlyCount "114"]
[EventDate "2017.??.??"]
[EventType "team-tourn"]
[EventCountry "POR"]
[SourceTitle "playchess.com"]
[Source "ChessBase"]
[SourceQuality "1"]
[TimeControl "5400+30"]

1. e4 e6 2. d4 d5 3. Nc3 h6 4. Bd3 {[%emt 0:14:28] C10: French with 3 Nc3: Unusual Black 3rd moves and 3...dxe4} (4. e5 c5 5. dxc5 Nc6 6. Nf3 Bxc5 7. Bd3 a6 8. O-O Nge7 9. a3 Ba7 10. h3 O-O 11. Bf4 f5 {0-1 (21) Pichot,A (2532)-Cordova,E (2602) San Salvador 2016}) 4... Nc6 5. Nf3 Nb4 6. Be2 Nf6 7. e5 Ne4 8. a3 Nxc3 9. bxc3 Nc6 10. O-O Na5 11. Nd2 c5 12. f4 $146 Qc7 13. Rb1 Bd7 14. Kh1 O-O-O 15. Rf3 c4 16. Nf1 f6 (16... g6 $15) 17. exf6 gxf6 18. Ne3 Be8 19. Rh3 Bf7 20. f5 $1 e5 21. Ng4 Qe7 22. dxe5 ({Reject} 22. Nxh6 $6 Bxh6 23. Rxh6 Nc6 $11) 22... fxe5 23. Bxh6 Bxh6 24. Nxh6 Nc6 25. Nxf7 Qxf7 26. Rxh8 Rxh8 27. Bg4 Kc7 28. Rb5 Rd8 29. Qf1 Rd6 30. Rb1 b6 31. Re1 Qf6 32. Bh3 (32. Qf2 $16) 32... e4 33. Qf4 Qxc3 34. Rf1 e3 35. Bg4 Qe5 36. f6 Qxf4 37. Rxf4 Rd8 38. f7 Rf8 $1 39. c3 $2 (39. Kg1 $14 {stays ahead.}) 39... Ne5 40. Be2 Rxf7 41. Rxf7+ Nxf7 42. g4 Kd6 43. Kg2 Ke5 44. Kf3 Ng5+ 45. Kxe3 Ne4 46. h4 Nxc3 47. Bf1 d4+ 48. Kd2 Ne4+ 49. Kc2 b5 50. g5 a5 51. g6 Kf6 52. Bg2 d3+ 53. Kc1 Nf2 54. Kd2 b4 55. axb4 axb4 56. Bf3 Kxg6 57. Ke3 b3 $19 0-1

[Event "POR-chT 1st League 2017"]
[Site "Leiria"]
[Date "2017.07.20"]
[Round "5"]
[White "Leao, Tiago Miguel Da Sil"]
[Black "Ulyanovskyy, Viktor"]
[Result "1/2-1/2"]
[ECO "C42"]
[WhiteElo "2075"]
[BlackElo "2219"]
[Annotator "NA"]
[PlyCount "69"]
[EventDate "2017.??.??"]
[EventType "team-tourn"]
[EventCountry "POR"]
[SourceTitle "playchess.com"]
[Source "ChessBase"]
[SourceQuality "1"]
[TimeControl "5400+30"]

1. e4 e5 2. Nf3 Nf6 3. Nxe5 d6 4. Nf3 Nxe4 5. Nc3 Nf6 {[%emt 0:01:54] C42: Petroff Defence: 3 Nxe5 and unusual White 3rd moves} (5... Nxc3 6. dxc3 Be7 7. Be3 Nd7 8. Bd3 O-O 9. Qe2 Re8 10. O-O-O Bf6 11. h4 Nf8 12. Ng5 d5 13. Qh5 g6 14. Qf3 h5 15. Qg3 Bg4 {½-½ (66) Anand,V (2783)-So,W (2810) Leon 2017}) 6. h3 Be7 7. d4 O-O 8. Bd3 a6 9. O-O b5 10. Re1 Bb7 $146 ({Predecessor:} 10... Nbd7 11. a4 b4 12. Ne2 Bb7 13. Ng3 Re8 14. c4 Bf8 15. Bg5 Rxe1+ 16. Nxe1 {½-½ (70) Schunk,E (2297)-Fiedler,T (2286) Germany 2003}) 11. Qe2 Re8 12. Bg5 Nbd7 13. Bf5 b4 (13... g6 $5 14. Bxd7 Qxd7 $15) 14. Nb1 h6 15. Be3 Nd5 16. Qd3 Bf8 17. Nbd2 a5 18. Ne4 g6 19. Bxd7 Qxd7 20. c4 bxc3 21. bxc3 f5 22. Ned2 $2 {[%emt 0:02:55] [#]} (22. Ng3 $17) 22... Qf7 $2 (22... f4 $1 $19 23. Qxg6+ Qg7) 23. Nf1 Bg7 24. Bd2 Nb6 25. Bf4 a4 26. N1d2 a3 27. Qb5 Rxe1+ 28. Nxe1 Bd5 29. Bxd6 $1 Nc4 30. Nxc4 Bxc4 $14 31. Qc6 Bd5 32. Qxc7 Qe6 33. Be5 Bxe5 34. Qxe5 Qc6 35. Qe3 1/2-1/2

[Event "POR-chT 1st League 2017"]
[Site "Leiria"]
[Date "2017.07.20"]
[Round "5"]
[White "Tubio Agrasar, Pablo"]
[Black "Silva, Fernando"]
[Result "0-1"]
[ECO "B24"]
[WhiteElo "1988"]
[BlackElo "2249"]
[Annotator "NA"]
[PlyCount "70"]
[EventDate "2017.??.??"]
[EventType "team-tourn"]
[EventCountry "POR"]
[SourceTitle "playchess.com"]
[Source "ChessBase"]
[SourceQuality "1"]
[TimeControl "5400+30"]

1. e4 c5 2. Nc3 Nc6 3. Bb5 g6 4. Bxc6 bxc6 5. f4 {[%emt 0:00:47] B23: Closed Sicilian: Lines without g3} Bg7 6. Nf3 d5 (6... d6 7. O-O Nh6 8. d3 f5 9. e5 O-O 10. Qe2 Qc7 11. Re1 Nf7 12. Na4 Nd8 13. Bd2 Ne6 14. Qf2 Rb8 15. b3 Rd8 16. Rad1 Rb5 17. Qh4 d5 18. c4 {1-0 (63) Zeng,C (2541)-Wang,Y (2726) China 2015}) 7. e5 Nh6 8. O-O O-O 9. b3 Qa5 $146 ({Predecessor:} 9... c4 10. bxc4 Ba6 11. d3 dxc4 12. d4 Bc8 {0-1 (27) Turcan,M (2210)-Gazik,I (2410) Topolcianky 1994}) 10. Qe1 f6 11. d3 Kh8 (11... fxe5 $14 12. Nxe5 Nf5) 12. Na4 Qxe1 13. Rxe1 Bg4 14. Nh4 (14. Nd2 $16) 14... fxe5 15. fxe5 Nf7 16. h3 Bc8 17. Nf3 c4 18. bxc4 dxc4 19. d4 Be6 20. Ba3 Rfe8 21. c3 Bd5 22. e6 Nd6 23. Ng5 Kg8 24. Nc5 Nb5 25. Bb2 Rab8 26. Rab1 Nxd4 27. Nd7 ({But not} 27. cxd4 $2 {[#]} Rxb2 $1 28. Rxb2 Bxd4+ 29. Rf2 Bxc5 $19) 27... Rxb2 28. Rxb2 Nb5 29. Ne5 Nxc3 30. Rc2 Nb5 31. Nxc4 Nd4 $15 32. Rcc1 h6 33. Nf7 Rb8 34. Nfe5 Bxe5 35. Nxe5 Rb2 0-1

[Event "POR-chT 1st League 2017"]
[Site "Leiria"]
[Date "2017.07.20"]
[Round "5"]
[White "Moreira, Bruno Marcio Pascoa"]
[Black "Cavaleiro, Daniel Felipe Costa"]
[Result "0-1"]
[ECO "B06"]
[WhiteElo "1882"]
[BlackElo "2006"]
[Annotator "NA"]
[PlyCount "52"]
[EventDate "2017.??.??"]
[EventType "team-tourn"]
[EventCountry "POR"]
[SourceTitle "playchess.com"]
[Source "ChessBase"]
[SourceQuality "1"]
[TimeControl "5400+30"]

1. e4 g6 2. d4 Bg7 3. c3 d6 4. Nf3 Nf6 5. Bd3 O-O 6. O-O Nc6 7. d5 Ne5 8. Nxe5 dxe5 9. c4 c6 10. dxc6 bxc6 11. Nc3 Qc7 12. Qe2 Nh5 13. Be3 Nf4 14. Qc2 Rd8 15. Rfd1 h5 16. f3 Bh6 17. Bf2 Ne6 18. b4 Nd4 19. Qb2 Rb8 20. a4 Qd6 21. Rab1 Qf6 22. Be2 h4 23. Rd3 Be6 24. Qa2 Kg7 25. Bd1 h3 26. g3 Nxf3+ 0-1

[Event "POR-chT 1st League 2017"]
[Site "Leiria"]
[Date "2017.07.20"]
[Round "6"]
[White "Trindade, Rui Jorge Rodrigues"]
[Black "Leao, Tiago Miguel Da Sil"]
[Result "0-1"]
[ECO "B78"]
[WhiteElo "2033"]
[BlackElo "2075"]
[Annotator "NA RC"]
[PlyCount "78"]
[EventDate "2017.??.??"]
[EventType "team-tourn"]
[EventCountry "POR"]
[SourceTitle "playchess.com"]
[Source "ChessBase"]
[SourceQuality "1"]
[TimeControl "5400+30"]

1. e4 c5 2. Nf3 d6 3. d4 cxd4 4. Nxd4 Nf6 5. Nc3 g6 6. Bc4 Bg7 7. Be3 O-O 8. f3 Nc6 9. Qd2 Bd7 10. O-O-O Rc8 11. Bb3 Ne5 12. h4 h5 13. g4 hxg4 14. f4 {[%emt 0:04:51] B78: Sicilian Dragon: Yugoslav Attack, 9 Bc4 Bd7 10 0-0-0 Rc8} (14. h5 Nxh5 15. Bh6 e6 16. Bxg7 Kxg7 17. f4 Nc4 18. Bxc4 Rxc4 19. f5 Qf6 20. Nde2 Bc6 21. Kb1 Rh8 22. fxg6 Qxg6 23. Qxd6 Bxe4 {0-1 (44) Belous,V (2573)-Lu,S (2615) Olongapo City 2015}) 14... Nc4 15. Bxc4 Rxc4 16. f5 {[%emt 0:01:48] [#]} Rxc3 $1 17. Qxc3 Nxe4 18. Qe1 $146 ({Predecessor:} 18. Qb3 gxf5 19. Qxb7 e5 20. Nc6 Bxc6 21. Qxc6 Qa5 {0-1 (36) Neila Castillo,M (2087)-Martinez Martin,D (2308) Zaragoza 2001}) 18... gxf5 19. h5 e5 20. h6 Bf6 21. h7+ Kh8 22. Nb3 Bc6 23. Na5 d5 24. Bh6 Bg5+ 25. Kb1 Re8 26. Rh5 Qf6 $2 (26... Bxh6 $19 27. Nxc6 bxc6 28. Rxh6 f4) 27. Bxg5 Nxg5 28. Qh4 Ne4 29. Qxf6+ Nxf6 30. Rxf5 Re6 31. Rdf1 $2 (31. Rh1 $11) 31... Ne4 32. Rg1 Rf6 33. Rxe5 Nd2+ 34. Kc1 Nf3 35. Rf1 g3 36. Re2 Nd4 37. Ree1 Rxf1 38. Rxf1 g2 39. Re1 g1=Q $19 0-1

[Event "POR-chT 1st League 2017"]
[Site "Leiria"]
[Date "2017.07.21"]
[Round "7"]
[White "Sousa, Andre Ventura"]
[Black "Espineira Gonzalez, Diego"]
[Result "1/2-1/2"]
[ECO "B40"]
[WhiteElo "2368"]
[BlackElo "2364"]
[Annotator "NA"]
[PlyCount "52"]
[EventDate "2017.??.??"]
[EventType "team-tourn"]
[EventCountry "POR"]
[SourceTitle "playchess.com"]
[Source "ChessBase"]
[SourceQuality "1"]
[TimeControl "5400+30"]

1. e4 c5 2. Nf3 e6 3. b3 a6 4. Bb2 Nc6 5. c4 d5 6. exd5 exd5 7. cxd5 Nb4 8. Be2 Nf6 9. O-O Be7 10. d4 O-O 11. Nc3 Nbxd5 12. Nxd5 Nxd5 13. dxc5 Bxc5 14. Rc1 Be7 15. Nd4 Bf6 16. Bf3 Ne7 17. Qe2 Bxd4 18. Bxd4 Qxd4 19. Qxe7 a5 20. Rc7 Be6 21. Rxb7 Qb2 22. Rb5 Rae8 23. Qh4 Qxa2 24. Be4 f5 25. Bb1 Qe2 26. Rxa5 Bxb3 1/2-1/2

[Event "POR-chT 1st League 2017"]
[Site "Leiria"]
[Date "2017.07.21"]
[Round "7"]
[White "Lombaers, Peter"]
[Black "Cavaleiro, Daniel Felipe Costa"]
[Result "1-0"]
[ECO "E47"]
[WhiteElo "2327"]
[BlackElo "2006"]
[Annotator "NA"]
[PlyCount "83"]
[EventDate "2017.??.??"]
[EventType "team-tourn"]
[EventCountry "POR"]
[SourceTitle "playchess.com"]
[Source "ChessBase"]
[SourceQuality "1"]
[TimeControl "5400+30"]

1. d4 Nf6 2. c4 e6 3. Nc3 Bb4 4. e3 O-O 5. Bd3 c5 6. Nf3 cxd4 7. exd4 d5 8. O-O h6 9. a3 dxc4 10. Bxc4 Be7 11. Qd3 Bd7 12. Bb3 Bc6 13. Ne5 Nbd7 14. Nxc6 bxc6 15. Rd1 Nb6 16. Bf4 Bd6 17. Bxd6 Qxd6 18. Rac1 Rfd8 19. Bc2 Nbd5 20. Na4 Qf4 21. h3 Qg5 22. Qf3 Rab8 23. Bb1 Nf4 24. Rc5 N6d5 25. b4 Rd6 26. Kh2 f5 27. g3 Nh5 28. Nb2 Rf8 29. Nc4 Rdd8 30. Ne5 f4 31. g4 Nhf6 32. Rxc6 h5 33. gxh5 Qxh5 34. Qxh5 Nxh5 35. Bg6 Ne7 36. Bxh5 Nxc6 37. Nxc6 Rd6 38. Bf3 a6 39. a4 Kf7 40. b5 axb5 41. axb5 Rc8 42. Rb1 1-0

[Event "POR-chT 1st League 2017"]
[Site "Leiria"]
[Date "2017.07.21"]
[Round "7"]
[White "Figuero Toro, Julian Francisco"]
[Black "Trigo Urquijo, Sergio"]
[Result "0-1"]
[ECO "C95"]
[WhiteElo "2314"]
[BlackElo "2389"]
[Annotator "NA"]
[PlyCount "210"]
[EventDate "2017.??.??"]
[EventType "team-tourn"]
[EventCountry "POR"]
[SourceTitle "playchess.com"]
[Source "ChessBase"]
[SourceQuality "1"]
[TimeControl "5400+30"]

1. e4 e5 2. Nf3 Nc6 3. Bb5 a6 4. Ba4 Nf6 5. O-O Be7 6. Re1 b5 7. Bb3 d6 8. c3 O-O 9. h3 Nb8 10. d4 Nbd7 11. Nbd2 Bb7 12. Bc2 Re8 13. Nf1 Bf8 14. Ng3 g6 15. Bg5 h6 16. Bd2 c5 17. d5 c4 18. b4 cxb3 19. axb3 Qc7 20. Ra2 Nc5 21. Qe2 Bc8 22. c4 bxc4 23. Qxc4 Qb7 24. Qc3 Ncd7 25. Rea1 Nb8 26. Bd3 Re7 27. Bc4 Rc7 28. Qd3 Bd7 29. Ne1 Be8 30. Qe2 Nfd7 31. Nc2 Nb6 32. Bd3 N6d7 33. Nb4 Nc5 34. Bc4 Qb6 35. Ra3 Rca7 36. Nd3 Nxd3 37. Bxd3 Rb7 38. Be3 Qb4 39. Nf1 Bb5 40. Bxb5 Qxb5 41. Qxb5 Rxb5 42. Nd2 Kg7 43. Nc4 Be7 44. Kf1 h5 45. Ke2 Kf8 46. Kd2 Ke8 47. Kc3 Kd8 48. Ra4 Kc7 49. Na5 Kd7 50. Rc4 Bd8 51. Rca4 Bb6 52. Bxb6 Rxb6 53. Nc4 Rb5 54. b4 Ra7 55. Ra5 Rab7 56. R1a4 Rc7 57. Ra1 Ke7 58. R5a4 h4 59. Kd3 Rcb7 60. Na5 Rc7 61. R1a3 f5 62. f3 fxe4+ 63. fxe4 Rc1 64. Rc3 Rg1 65. Rc2 Rd1+ 66. Ke3 Rb1 67. Rc4 Kd7 68. Kf3 Rf1+ 69. Kg4 Rf2 70. g3 hxg3 71. Kxg3 Rb2 72. Kh4 Ke7 73. Kg3 Kd7 74. Kh4 Ke7 75. Nc6+ Kf6 76. Kg4 Rg2+ 77. Kf3 Rb2 78. h4 Kg7 79. Rc3 Rh2 80. Kg3 Re2 81. Rc4 Rb2 82. Nd8 Kh6 83. Ne6 Rb3+ 84. Kg2 Kh5 85. Nf8 Rb7 86. Rc8 R7xb4 87. Rxb4 Rxb4 88. Rd8 Rb6 89. Kg3 Rb3+ 90. Kg2 Rb6 91. Kg3 a5 92. Ne6 Rb3+ 93. Kf2 a4 94. Rh8+ Kg4 95. Rh6 a3 96. Rxg6+ Kxh4 97. Rg1 a2 98. Ra1 Ra3 99. Ke2 Nd7 100. Ng7 Nc5 101. Nf5+ Kg4 102. Nxd6 Nb3 103. Nc4 Nxa1 104. Nxa3 Nb3 105. Nc2 Nd4+ 0-1

[Event "POR-chT 1st League 2017"]
[Site "Leiria"]
[Date "2017.07.21"]
[Round "7"]
[White "Santos, Antonio P"]
[Black "Reis, Luis Sousa"]
[Result "1-0"]
[ECO "E10"]
[WhiteElo "2237"]
[BlackElo "2182"]
[Annotator "NA"]
[PlyCount "119"]
[EventDate "2017.??.??"]
[EventType "team-tourn"]
[EventCountry "POR"]
[SourceTitle "playchess.com"]
[Source "ChessBase"]
[SourceQuality "1"]
[TimeControl "5400+30"]

1. d4 Nf6 2. c4 e6 3. Nf3 c5 4. d5 b5 5. Bg5 exd5 6. cxd5 h6 7. Bxf6 Qxf6 8. Qc2 d6 9. e4 a6 10. a4 b4 11. Nbd2 Bg4 12. Bd3 Nd7 13. O-O Bxf3 14. Nxf3 Be7 15. Qe2 Ne5 16. Nxe5 dxe5 17. a5 O-O 18. f4 Bd6 19. f5 Ra7 20. Bc4 Be7 21. b3 Qd6 22. Kh1 Bf6 23. g3 Rc8 24. h4 Kf8 25. Kg2 Ke7 26. Qh5 Rh8 27. Rh1 Raa8 28. Qe2 h5 29. Rhf1 Rh6 30. Kh2 Rhh8 31. Rac1 g6 32. fxg6 fxg6 33. Qe3 Rac8 34. Rf2 Rcg8 35. Rcf1 Rf8 36. Bxa6 Qxa6 37. Qxc5+ Kd7 38. d6 Qxd6 39. Qxd6+ Kxd6 40. Rxf6+ Rxf6 41. Rxf6+ Kc5 42. Rxg6 Kd4 43. Rc6 Kxe4 44. Rc4+ Kf3 45. Rxb4 Rd8 46. Rb7 Rd2+ 47. Kh3 Ra2 48. b4 e4 49. Rf7+ Ke2 50. g4 Ra3+ 51. Kg2 hxg4 52. h5 Ra4 53. h6 Rxb4 54. h7 Rb8 55. a6 e3 56. a7 Ra8 57. Rb7 Kd2 58. Rb8 e2 59. h8=Q e1=Q 60. Qd4+ 1-0

[Event "POR-chT 1st League 2017"]
[Site "Leiria"]
[Date "2017.07.21"]
[Round "7"]
[White "Carneiro, Carlos"]
[Black "Neto, Horacio"]
[Result "1/2-1/2"]
[ECO "E16"]
[WhiteElo "2175"]
[BlackElo "2162"]
[Annotator "NA"]
[PlyCount "94"]
[EventDate "2017.??.??"]
[EventType "team-tourn"]
[EventCountry "POR"]
[SourceTitle "playchess.com"]
[Source "ChessBase"]
[SourceQuality "1"]
[TimeControl "5400+30"]

1. d4 Nf6 2. c4 e6 3. Nf3 Bb4+ 4. Bd2 Qe7 5. Qc2 Bxd2+ 6. Nbxd2 O-O 7. e3 d6 8. Bd3 e5 9. Bf5 Nbd7 10. O-O g6 11. Bh3 Nh5 12. Bxd7 Bxd7 13. dxe5 dxe5 14. Qe4 Rfe8 15. Qxb7 c5 16. b3 e4 17. Nxe4 Rab8 18. Qd5 Rbd8 19. Ng3 Nxg3 20. hxg3 Bf5 21. Qc6 Be4 22. Qb5 Rd3 23. Rad1 Red8 24. Rxd3 Rxd3 25. Qb8+ Kg7 26. Qe5+ Qxe5 27. Nxe5 Rd2 28. f3 f6 29. Ng4 Bd3 30. Ra1 Rb2 31. Nf2 Rb1+ 32. Rxb1 Bxb1 33. Ne4 Bxe4 34. fxe4 Kf7 35. g4 Ke6 36. a3 a5 37. Kf2 Ke5 38. Ke2 Kxe4 39. Kd2 h5 40. gxh5 gxh5 41. Ke2 h4 42. Kd2 f5 43. Ke2 f4 44. exf4 Kxf4 45. Kf2 Ke4 46. Ke2 Kf4 47. Kf2 Ke5 1/2-1/2